Map: Ruínas de Endion

Players

TheZergLord - Winner!

  • Race: Zerg Zerg
  • League: Master

Motte

  • Race: Terran Terran
  • League: Master

VOD

Have the link to the VOD?

Description

Time

  • Played on: May 23, 2016, 8:51 a.m.
  • Length: 27:03
Show
View Real Time Build Order
Export as new Build Order

TheZergLord Zerg - Winner!

Build Orders: Hatch First, Muta Ling Bane 

Get SALT Encoding   

  12  0:01  Drone  
  13  0:13  Overlord  
  13  0:18  Drone  
  14  0:33  Drone x2  
  16  0:36  Drone  
  17  0:52  Hatchery  
  17  0:55  Drone  
  17  1:09  Spawning Pool  
  16  1:12  Drone  
  16  1:14  Extractor  
  16  1:20  Drone  
  16  1:22  Drone  
  18  1:29  Drone  
  19  1:41  Overlord  
  19  1:56  Queen, Zergling x2  
  23  2:01  Zergling x2  
  23  2:05  Queen, Zergling x2  
  26  2:13  Drone  
  27  2:18  Metabolic Boost  
  27  2:20  Drone  
  28  2:23  Drone  
  28  2:29  Drone  
  30  2:36  Drone  
  31  2:39  Drone  
  32  2:47  Queen  
  34  2:56  Hatchery  
  34  2:57  Overlord  
  32  3:00  Drone  
  32  3:02  Drone  
  32  3:04  Drone  
  35  3:16  Drone x3  
  35  3:18  Overlord  
  35  3:19  Drone  
  40  3:20  Drone x2  
  40  3:23  Drone  
  43  3:34  Drone  
  43  3:35  Overlord  
  43  3:46  Overlord  
  43  3:47  Queen, Drone  
  43  3:48  Queen  
  48  3:55  Drone x5  
  53  3:56  Drone  
  54  4:03  Overlord  
  54  4:13  Queen  
  56  4:22  Zergling x6  
  56  4:23  Zergling x14  
  66  4:29  Lair  
  66  4:35  Overlord x2  
  66  4:47  Drone x3  
  66  4:48  Drone x4  
  73  4:57  Drone x6  
  73  4:58  Drone  
  80  5:03  Drone x2  
  80  5:05  Evolution Chamber, Baneling Nest  
  80  5:09  Overlord  
  80  5:13  Extractor  
  80  5:14  Extractor x2  
  78  5:15  Drone x5  
  78  5:16  Extractor  
  78  5:20  Drone, Extractor  
  78  5:21  Drone x2  
  83  5:34  Drone x7  
  83  5:52  Zergling x2  
  83  5:53  Zergling x14  
  83  5:55  Zerg Ground Armor Level 1, Centrifical Hooks  
  89  6:07  Overlord x3  
  89  6:13  Spire  
  89  6:14  Hatchery  
  89  6:16  Drone x2  
  89  6:24  Overlord x4  
  89  6:29  Drone x3  
  89  6:30  Zergling x8  
  96  6:38  Zergling x4  
  98  6:42  Zergling x2  
  99  6:47  Zergling x8  
  99  6:48  Zergling x6  
  106  6:58  Overlord  
  106  7:00  Zergling x8  
  110  7:04  Hatchery  
  109  7:10  Overlord  
  109  7:12  Pneumatized Carapace  
  109  7:15  Baneling  
  109  7:16  Baneling x13  
  109  7:21  Zergling x6  
  109  7:22  Zergling x14  
  118  7:27  Queen  
  120  7:33  Mutalisk x5  
  120  7:34  Mutalisk  
  120  7:36  Overseer  
  132  7:40  Mutalisk x2  
  132  7:45  Mutalisk x2  
  132  7:54  Zerg Melee Weapons Level 1  
  132  7:57  Evolution Chamber  
  131  7:59  Zergling x2  
  131  8:00  Zergling x24  
  144  8:13  Infestation Pit  
  144  8:16  Queen  
  145  8:33  Zergling x2  
  145  8:34  Zergling x36  
  154  8:36  Baneling  
  154  8:37  Baneling x6  
  164  8:44  Drone x3  
  164  8:45  Drone x2  
  169  8:53  Hive  
  169  8:55  Zerg Ground Armor Level 2  
  169  8:58  Extractor  
  169  8:59  Extractor  
  169  9:00  Drone x3  
  169  9:01  Drone x3  
  169  9:02  Overlord x2  
  133  9:30  Zergling x18  
  133  9:31  Zergling x32  
  158  9:43  Drone x4  
  158  9:44  Hatchery  
  161  9:46  Mutalisk x5  
  161  9:47  Mutalisk  
  161  9:51  Zerg Melee Weapons Level 2  
  173  10:11  Baneling  
  173  10:12  Overlord x2, Baneling x2  
  173  10:16  Ultralisk Cavern, Adrenal Glands  
  172  10:32  Mutalisk, Overlord  
  172  10:33  Mutalisk x3  
  180  10:39  Baneling x3  
  180  10:42  Zergling x6  
  183  10:43  Zergling x10  
  155  11:15  Zergling x2  
  155  11:16  Zergling x40  
  155  11:17  Zergling x18  
  173  11:20  Baneling x9  
  173  11:21  Chitinous Plating, Baneling x7  
  173  11:24  Zerg Ground Armor Level 3  
  185  11:25  Ultralisk x2  
  185  11:33  Zergling x2  
  185  11:34  Zergling x18  
  147  11:55  Ultralisk x3  
  147  12:01  Zergling x14  
  152  12:02  Zergling x4  
  152  12:07  Zergling x4  
  152  12:08  Zergling x8  
  156  12:10  Overseer  
  156  12:16  Zerg Melee Weapons Level 3  
  156  12:27  Zergling x8  
  156  12:28  Zergling x18  
  121  13:06  Ultralisk x4  
  121  13:07  Ultralisk  
  139  13:14  Zergling x2  
  139  13:15  Zergling x22  
  151  13:29  Zergling x2  
  151  13:30  Zergling x24  
  159  13:53  Ultralisk x2  
  159  13:54  Ultralisk  
  152  14:05  Zergling x2  
  152  14:06  Zergling x18  
  161  14:23  Zergling x2  
  162  14:27  Baneling x6  
  162  14:28  Baneling x2  
  162  14:29  Baneling x3  
  162  14:31  Baneling x5  
  162  14:32  Baneling  
  162  14:37  Zergling x2  
  162  14:38  Zergling x30  
  177  14:58  Ultralisk  
  177  14:59  Ultralisk  
  189  15:03  Drone x2  
  189  15:04  Drone x5  
  194  15:22  Zergling x2  
  194  15:23  Zergling x2  
  185  15:29  Corruptor x3  
  185  15:30  Corruptor x2  
  140  16:05  Ultralisk x2  
  140  16:06  Ultralisk  
  140  16:08  Zergling x4  
  140  16:09  Zergling x28  
  166  16:16  Ultralisk  
  166  16:17  Zergling x2  
  147  16:33  Drone x2  
  147  16:34  Drone x8  
  147  16:35  Drone  
  148  16:44  Zergling x4  
  148  16:45  Zergling x8  
  142  16:57  Zergling x2  
  142  16:58  Zergling x10  
  141  17:13  Corruptor  
  141  17:37  Hatchery  
  140  17:46  Zergling x8  
  140  17:47  Zergling x12  
  150  18:10  Greater Spire  
  150  18:17  Ultralisk x2  
  155  18:47  Ultralisk x2  
  163  19:00  Zergling x10  
  155  19:25  Zergling x2  
  155  19:26  Zergling x18  
  155  19:47  Lair  
  141  20:18  Hatchery, Corruptor x5  
  151  20:28  Brood Lord  
  150  20:45  Brood Lord x3  
  153  21:00  Brood Lord x2  
  153  21:01  Zergling x8  
  161  21:12  Corruptor  
  161  21:13  Corruptor  
  153  21:28  Zergling x2  
  153  21:29  Zergling x10  
  149  22:19  Zergling x2  
  149  22:20  Zergling x34  
  149  22:21  Zergling x14  
  143  23:05  Zergling x4  
  124  23:06  Zergling x32  
  140  23:17  Corruptor  
  140  23:18  Corruptor x3  
  119  23:56  Hatchery  
  118  24:20  Hatchery  
  116  25:01  Zergling x4  
  116  25:02  Zergling x6  
  104  25:42  Corruptor x2  
  103  26:13  Zergling x2  
  103  26:14  Zergling x18  
  102  26:55  Hatchery  
Show
View Real Time Build Order
Export as new Build Order

Motte Terran 

Build Orders: Reaper Expand, MMM Bio 

Get SALT Encoding   

  12  0:00  SCV  
  13  0:13  SCV  
  14  0:17  Supply Depot  
  14  0:25  SCV  
  15  0:39  SCV  
  15  0:41  Barracks  
  16  0:46  Refinery  
  16  0:51  SCV  
  17  1:03  SCV  
  18  1:15  SCV  
  19  1:29  Orbital Command  
  19  1:30  Reaper  
  20  1:39  Command Center  
  20  1:54  Barracks  
  20  1:57  SCV  
  21  2:06  Supply Depot  
  21  2:08  Barracks Reactor  
  21  2:10  SCV  
  21  2:14  Refinery  
  22  2:22  SCV  
  23  2:34  SCV  
  24  2:45  Marine x2  
  24  2:46  SCV, Barracks Tech Lab  
  24  2:47  Factory  
  27  2:59  SCV, Orbital Command  
  28  3:10  Stimpack  
  28  3:11  SCV, Marine  
  30  3:15  Marine x2  
  32  3:23  SCV  
  32  3:25  Bunker  
  32  3:29  SCV  
  33  3:35  SCV, Marine x3  
  38  3:41  SCV  
  38  3:42  Starport  
  38  3:43  Factory Reactor  
  38  3:52  Marine x2  
  38  3:53  Marine  
  41  3:58  SCV x2  
  43  4:06  Supply Depot  
  43  4:07  Supply Depot  
  43  4:10  SCV x2  
  43  4:14  Marine  
  46  4:27  Marine x2  
  46  4:28  SCV x2  
  50  4:31  Medivac  
  50  4:32  Medivac  
  50  4:33  Factory Tech Lab  
  54  4:40  SCV x2  
  56  4:47  Marine x3  
  56  4:52  SCV x2, Refinery  
  61  5:01  Supply Depot  
  61  5:02  Command Center  
  61  5:04  SCV, Refinery  
  61  5:05  Supply Depot  
  62  5:16  Combat Shields  
  62  5:22  SCV x2, Medivac x2, Marine x2  
  70  5:29  Engineering Bay  
  70  5:30  Engineering Bay  
  70  5:34  SCV x2  
  72  5:35  Marine  
  72  5:40  Marine x2  
  75  5:46  SCV  
  71  5:53  Marine  
  72  5:57  Marine  
  72  5:59  Terran Infantry Armor Level 1, Terran Infantry Weapons Level 1  
  72  6:02  SCV x2  
  75  6:13  Factory Reactor  
  75  6:14  SCV x2  
  77  6:20  Orbital Command  
  77  6:25  Barracks  
  77  6:26  Barracks, SCV x2  
  77  6:27  Barracks  
  77  6:28  Missile Turret  
  77  6:29  Missile Turret  
  79  6:33  Missile Turret  
  79  6:35  Concussive Shells  
  79  6:36  Marauder  
  79  6:38  SCV x2, Missile Turret  
  83  6:50  SCV  
  83  6:51  SCV x2  
  83  6:53  Bunker  
  86  6:58  Supply Depot  
  86  6:59  Supply Depot  
  86  7:02  SCV  
  86  7:03  SCV x2, Marauder  
  86  7:07  Medivac  
  86  7:08  Armory  
  93  7:13  Barracks Reactor  
  93  7:14  Barracks Reactor  
  93  7:19  Medivac, Marine x2, Widow Mine  
  93  7:20  SCV, Widow Mine  
  102  7:24  Marine  
  102  7:28  Marauder  
  105  7:31  SCV x2  
  105  7:32  SCV  
  108  7:37  Barracks x2, Marine  
  108  7:39  Barracks  
  109  7:46  Marine  
  109  7:56  Missile Turret  
  109  7:57  Supply Depot x2  
  109  7:58  Supply Depot  
  109  8:00  Medivac x2, Marine x2, Widow Mine  
  117  8:13  Missile Turret  
  117  8:14  Supply Depot x2  
  117  8:15  Supply Depot  
  117  8:18  Widow Mine  
  117  8:19  SCV x3, Marine x5, Marauder x2  
  129  8:20  Marine  
  132  8:27  Barracks Tech Lab x2, Barracks Reactor  
  132  8:28  Widow Mine  
  132  8:30  Medivac x2  
  132  8:32  Terran Infantry Weapons Level 2  
  132  8:33  Terran Infantry Armor Level 2  
  138  8:36  Terran Vehicle Weapons Level 1  
  138  8:37  Marine  
  139  8:43  SCV x3  
  139  8:46  Widow Mine  
  144  8:59  Marauder x3  
  144  9:00  Widow Mine  
  152  9:04  Marine  
  152  9:05  Marine, Marauder  
  152  9:06  Marine x6  
  161  9:10  Supply Depot  
  161  9:11  Supply Depot  
  161  9:15  Widow Mine  
  161  9:16  Liberator  
  161  9:17  Liberator  
  163  9:19  Missile Turret  
  163  9:20  Marine  
  163  9:21  Marauder x2  
  163  9:22  Marine  
  163  9:23  Marine  
  152  9:26  Marauder  
  152  9:29  Widow Mine  
  162  9:39  Marauder  
  162  9:44  Widow Mine  
  166  9:47  Missile Turret  
  166  9:48  Missile Turret  
  166  9:53  Command Center  
  166  9:57  Marine x4, Widow Mine, Marauder x2  
  166  9:58  Marine  
  177  10:04  Marauder x2  
  181  10:08  Marine  
  181  10:12  Widow Mine  
  184  10:16  Marine x3  
  184  10:17  Liberator x2  
  187  10:26  Widow Mine  
  195  10:44  Missile Turret x2  
  195  10:45  Missile Turret  
  195  10:54  Marauder  
  197  11:04  Marine x3  
  197  11:07  Marauder  
  194  11:14  Marine, Marauder x2  
  194  11:15  Marine x4, Marauder  
  192  11:22  Marine x3  
  195  11:26  Widow Mine x2  
  195  11:31  Terran Infantry Armor Level 3, Terran Infantry Weapons Level 3  
  195  11:32  Marine  
  199  11:36  Missile Turret  
  200  11:45  Liberator x2  
  185  11:51  Marine x2, Marauder x4  
  185  11:52  Marine x6  
  157  12:09  Marine x8  
  157  12:12  Marauder x2  
  157  12:13  Marauder x2  
  173  12:27  Planetary Fortress, Marine x7  
  173  12:28  Liberator  
  180  12:39  Widow Mine x2  
  180  12:42  Refinery, Marine, Marauder x3  
  180  12:43  Marine  
  192  12:44  Marine  
  192  12:45  Marine x3  
  192  12:46  Refinery  
  175  13:00  Liberator  
  160  13:11  Liberator  
  160  13:12  Marauder x3  
  155  13:13  Marauder  
  155  13:15  Marine x8  
  164  13:21  Missile Turret  
  164  13:32  Terran Vehicle Weapons Level 2, Marine  
  164  13:33  Marine x5, Marauder  
  164  13:34  Marauder x2  
  179  13:49  Liberator  
  179  13:54  Liberator  
  159  14:09  Marine, Marauder x4  
  167  14:10  Marine x7  
  177  14:27  Marine  
  177  14:28  Marine x7  
  177  14:30  Marine, Widow Mine  
  177  14:31  Widow Mine  
  188  14:33  Marine  
  188  14:34  Marauder x2  
  188  14:35  Liberator  
  195  14:45  Marine  
  198  15:04  Command Center  
  198  15:07  Missile Turret x2, Command Center  
  198  15:08  Missile Turret  
  198  15:15  Marauder  
  192  15:44  Liberator x2, Marine x4, Marauder x3  
  180  16:01  Marine  
  180  16:02  Marine x3  
  177  16:05  Marauder x3  
  153  16:27  Marauder x3  
  151  16:48  Marauder  
  126  17:00  Marine x4, Marauder x2  
  126  17:01  Marine  
  123  17:09  Marauder  
  123  17:11  Missile Turret  
  123  17:12  Missile Turret  
  123  17:21  Marauder  
  125  17:27  Medivac  
  125  17:28  Medivac  
  123  17:30  Terran Vehicle And Ship Armor Level 1  
  123  17:55  Missile Turret x3  
  123  17:56  Missile Turret  
  119  18:03  Marine x2, Marauder x3  
  119  18:04  Marine x2  
  129  18:14  Liberator x2  
  129  18:17  Orbital Command  
  129  18:24  Marauder  
  129  18:32  Marine, Marauder  
  129  18:33  Marine x4, Marauder  
  137  18:46  Marauder  
  126  18:54  Marine, Marauder  
  126  18:55  Marine x3, Marauder  
  134  19:07  Marauder  
  120  19:17  Marine x5, Marauder  
  120  19:18  Marine x2  
  129  19:26  Medivac  
  129  19:27  Medivac  
  129  19:28  Marine  
  128  19:35  Marine x6  
  128  19:36  Marauder  
  128  19:38  Marine  
  130  19:49  Planetary Fortress  
  130  19:52  Marine, Marauder  
  131  19:53  Marine x5  
  131  19:56  Marauder  
  127  20:22  Missile Turret  
  127  20:24  Missile Turret  
  127  20:25  Missile Turret  
  127  20:27  Marine x2  
  127  20:28  Marauder  
  131  20:41  Missile Turret x2  
  131  20:58  Marine x3, Marauder  
  131  20:59  Marauder  
  127  21:15  Medivac x2  
  130  21:39  Marine  
  129  21:40  Marine x8  
  129  21:45  Medivac x2  
  135  21:57  Marine  
  130  22:04  Marine x2  
  130  22:05  Marine x2, Marauder x2  
  138  22:15  Medivac x2  
  135  22:45  Viking x2  
  88  23:07  Marine x3, Marauder x3  
  88  23:08  Marine x3  
  88  23:15  Viking  
  86  23:25  Marine x6  
  79  23:27  Marine  
  67  23:48  Orbital Command  
  59  25:06  Orbital Command, Marine  
  59  25:07  Marine x5, Marauder  
  54  25:42  Marine  
  54  25:43  Marine x8  
Tags
 
Add a new tag
Caveats
  • Supply blocks, unpowered buildings, or Contaminate may cause inaccurate times.
  • Supply counts are checked every 10 seconds.